Unix NetHack Version 5.0.0-0 post-release - last build Jul 14 2026 02:55:29 (1809b74e8187c3a3585e283601c3028b46cbbdcb,branch:main).

Game began 2026-07-15 07:22:16, ended 2026-07-15 07:30:39.

80percenthuman, chaotic female elven Wizard

                                                      -------------
                                                      |...........|
                                                      |...........|
                                                     #-...........|
                                                     #-------.-----
                                                    ##       #
                                                    #        #
                                                    #        ##
                                                    #         #         ------
                            --             #################  #        #...<.|
                             ..#                    #     --.-|--      #|....|
                               #                   ##     |....>|   ####|....|
                               #S@##              ########......|   #   |.(..|
                                   ##              #      |.....-####   |....|
                                    ####-----------#      |.....|       |....|
                                       #-.........|#      -------       ------
                                        |..........#
                                        -----------

80percenthuman the Conjurer  St:9 Dx:14 Co:14 In:15 Wi:14 Ch:9  Chaotic
Dlvl:4  $:306 HP:0(24) Pw:29(42) AC:9  Xp:3 T:1263  Fainted  Deaf

Latest messages:
 You don't have anything to eat.
 You find a hidden passage.
 Pick a monster, object or location.
 The garter snake bites!
 The garter snake bites!
 In what direction?
 The spell misses the garter snake.
 You are too hungry to cast that spell.
 You kill the garter snake!
 You see here a garter snake corpse.
 You hit the gecko.
 You miss the gecko.
 You faint from lack of food.
 The gecko bites!
 The gecko bites!
 The gecko bites!
 The gecko bites!
 The gecko bites!
 The gecko bites!
 You regain consciousness.
 You miss the gecko.
 You kill the gecko!
 I - a garter snake corpse.
 What do you want to eat? [I or ?*]
 Blecch!  Rotten food!
 You are still weak.
 You see here a gecko corpse.
 J - a gecko corpse.
 What do you want to eat? [J or ?*]
 Blecch!  Rotten food!
 You feel rather light headed.
 You feel less confused now.
 You are too hungry to cast that spell.
 The garter snake bites!
 You hit the garter snake.
 The garter snake bites!
 You hit the garter snake.
 The garter snake bites!
 You miss the garter snake.
 You faint from lack of food.
 The garter snake bites!
 The garter snake bites!
 The garter snake bites!
 The garter snake bites!
 You die...
 Do you want your possessions identified? [ynq] (y)
 Do you want to see your attributes? [ynq] (y)
 Do you want an account of creatures vanquished? [ynaq] (y)
 Do you want to see your conduct and achievements? [ynq] (y)
 Do you want to see the dungeon overview? [ynq] (y)

Inventory:
 Coins    ('$')
  $ - 306 gold pieces
 Weapons  (')')
  x - 10 +0 darts
  p - a cursed +0 spear
  a - a blessed +1 quarterstaff (weapon in hands)
 Armor    ('[')
  b - an uncursed +0 cloak of magic resistance (being worn)
 Scrolls  ('?')
  k - a blessed scroll of enchant armor
  E - an uncursed scroll of enchant weapon
  r - an uncursed scroll of food detection
  j - an uncursed scroll of magic mapping
  s - an uncursed scroll of remove curse
  i - an uncursed scroll of teleportation
 Spellbooks  ('+')
  C - an uncursed spellbook of blank paper
  l - a blessed spellbook of force bolt
  F - an uncursed spellbook of invisibility
  t - an uncursed spellbook of light
  m - an uncursed spellbook of magic missile
 Potions  ('!')
  v - an uncursed potion of blindness
  g - an uncursed potion of fruit juice
  h - an uncursed potion of gain ability
  f - an uncursed potion of see invisible
  u - a cursed potion of see invisible
 Rings    ('=')
  e - an uncursed ring of poison resistance
  d - an uncursed ring of regeneration
 Wands    ('/')
  G - a wand of opening (0:5)
  c - a wand of sleep (0:8)
 Tools    ('(')
  o - an uncursed bugle
  n - a magic marker (0:19)
  y - a cursed magic marker (0:57)
 Gems/Stones  ('*')
  w - an uncursed amethyst stone

80percenthuman the Wizard's attributes:

Background:
 You were a Conjurer, a level 3 female elven Wizard.
 You were chaotic, on a mission for Anhur
 who was opposed by Ptah (lawful) and Thoth (neutral).
 You were left-handed.
 You were in the Dungeons of Doom, on level 4.
 You entered the dungeon 1263 turns ago.
 There was a new moon in effect when your adventure ended.
 You had 65 experience points, 15 more were needed to attain level 4.

Basics:
 You had 0 out of 24 hit points.
 You had 29 out of 42 energy points (spell power).
 Your armor class was 9.
 Your wallet contained 306 zorkmids.
 Autopickup was off.

Final Characteristics:
 Your strength was 9 (base:10, limit:18).
 Your dexterity was 14 (limit:18).
 Your constitution was 14 (limit:16).
 Your intelligence was 15 (limit:20).
 Your wisdom was 14 (limit:20).
 Your charisma was 9 (limit:18).

Final Status:
 You were deaf.
 You were fainted due to starvation.
 You were unencumbered.
 You were wielding a quarterstaff.
 You had basic skill with quarterstaff.

Final Attributes:
 You were devoutly aligned.
 You were magic-protected.
 You had infravision.
 You were warded.
 You are dead.

Miscellaneous:
 You didn't encounter any bones levels.
 Total elapsed playing time was 8 minutes and 22 seconds.

Major events:
 Turn
    1: 80percenthuman the chaotic female elven Wizard entered the dungeon
  679: attained the rank of Conjurer (level 3)
 1142: entered the Gnomish Mines
 1263: killed by a garter snake, while fainted from lack of food

Spells:
 Name                 Level Category     Fail Retention
 force bolt             1   attack         0%  91%-100%
 magic missile          2   attack         0%  91%-100%
 light                  1   divination     0%  76%-100%

Skills:
 Fighting Skills
   bare handed combat [Unskilled]
   riding             [Unskilled]
 Weapon Skills
   dagger             [Unskilled]
   knife              [Unskilled]
   axe                [Unskilled]
   short sword        [Unskilled]
   club               [Unskilled]
   mace               [Unskilled]
   quarterstaff       [Basic]
   polearms           [Unskilled]
   spear              [Unskilled]
   trident            [Unskilled]
   sling              [Unskilled]
   dart               [Unskilled]
   shuriken           [Unskilled]
 Spellcasting Skills
   attack spells      [Basic]
   healing spells     [Unskilled]
   divination spells  [Unskilled]
   enchantment spells [Basic]
   clerical spells    [Unskilled]
   escape spells      [Unskilled]
   matter spells      [Unskilled]

Voluntary challenges:
 Character rerolling was not enabled.
 You never genocided any monsters.
 You never polymorphed an object.
 You never changed form.
 You used no wishes.
Achievements:
 You attained the rank of Conjurer.
 You entered the Gnomish Mines.

 The Dungeons of Doom: levels 1 to 4
    Level 1:
       A fountain.
    Level 2:
    Level 3:
       A fountain.
    Level 4: <- You were here.
       Stairs down to The Gnomish Mines.
       Final resting place for
          you, killed by a garter snake, while fainted from lack of food.
 The Gnomish Mines:
    Level 5:


Vanquished creatures:
  a shrieker
  a kitten
 an acid blob
  2 giant rats
  a yellow mold
  a garter snake
  a gnome zombie
  3 geckos
  a fox
  2 goblins
  3 grid bugs
  2 lichens
  4 newts
23 creatures vanquished.

No species were genocided or became extinct.

Game over:
                       ----------
                      /          \
                     /    REST    \
                    /      IN      \
                   /     PEACE      \
                  /                  \
                  |  80percenthuman  |
                  |      306 Au      |
                  |   killed by a    |
                  |   garter snake   |
                  |                  |
                  |                  |
                  |       2026       |
                 *|     *  *  *      | *
        _________)/\\_//(\/(/\)/\//\/|_)_______

Goodbye 80percenthuman the Wizard...

You died in The Dungeons of Doom on dungeon level 4 with 736 points,
and 306 pieces of gold, after 1263 moves.
You were level 3 with a maximum of 24 hit points when you died.

